 Dungeon Crawl Stone Soup version 0.17.1-1-g73c8601 (webtiles) character file.

95 Andry07 the Shield-Bearer (level 4, 0/23 HPs)
             Began as a Vine Stalker Fighter on Dec 27, 2015.
             Succumbed to Dickchan's ghost's poison
             ... on level 2 of the Dungeon.
             The game lasted 00:06:09 (1866 turns).

Andry07 the Shield-Bearer (Vine Stalker Fighter)    Turns: 1866, Time: 00:06:09

Health: 0/23       AC:  7    Str: 19    XL:     4   Next: 66%
Magic:  3/5        EV: 10    Int:  8    God:
Gold:   18         SH: 10    Dex: 14    Spells: 0 memorised, 3 levels left

rFire  . . .     SeeInvis .     a - +0 long sword
rCold  . . .     Clarity  .     b - +0 scale mail
rNeg   . . .     SustAt   .     c - +0 shield
rPois  .         Gourm    .     q - +0 helmet
rElec  .         Spirit   +     (no cloak)
rCorr  .         Warding  .     (no gloves)
rMut   .         Stasis   .     (no boots)
MR     .....                    (no amulet)
Stlth  ..........               (no ring)
                                t - +3 ring of evasion

@: lethally poisoned (0 -> -19), flying, not resistant to hostile enchantments,
extremely unstealthy
A: fangs 2, regeneration 1, magic shield, antimagic bite, no device heal 3, rot
immunity
a: no special abilities


You were on level 2 of the Dungeon.
You were not hungry.

You visited 1 branch of the dungeon, and saw 3 of its levels.

You collected 18 gold pieces.

Inventory:

Hand Weapons
 a - a +0 long sword (weapon)
Armour
 b - a +0 scale mail (worn)
 c - a +0 shield (worn)
 q - a +0 helmet (worn)
Jewellery
 t - a +3 ring of evasion (left hand)
Scrolls
 h - 2 scrolls of fog {unknown}
 i - a scroll of immolation {unknown}
 k - a scroll of noise {unknown}
 m - a scroll of blinking {unknown}
 n - a scroll of amnesia {unknown}
Potions
 d - a potion of might
 j - a potion of lignification
 r - 2 potions of heal wounds
 s - a potion of curing {unknown}
Comestibles
 e - a bread ration
 f - 3 meat rations
 l - 2 beef jerkies
 p - a slice of pizza
 u - a royal jelly


   Skills:
 - Level 2.6 Fighting
 - Level 1.7 Long Blades
 - Level 2.4 Armour
 - Level 0.4 Dodging
 - Level 0.3 Stealth
 + Level 4.6 Shields


You had 3 spell levels left.
You didn't know any spells.

Dungeon Overview and Level Annotations

Branches:
Dungeon (3/15)

Altars:
Dithmenos

Annotations:
D:3 Dickchan's ghost, amateur CeHu


Innate Abilities, Weirdness & Mutations

You have extremely sharp teeth.
Your natural rate of healing is unusually fast.
When hurt, damage is shared between your health and your magic reserves.
Your bite disrupts and absorbs the magic of your enemies.
Potions and wands cannot restore your health.
You are immune to rotting.


Message History

There is a lethal amount of poison in your body!
There is a lethal amount of poison in your body!
There is a lethal amount of poison in your body!
There is a lethal amount of poison in your body!
As you read the scroll labeled TEOLU CYPPE, it crumbles to dust.
It is a scroll of identify.
Identify which item? (\ to view known items) (? for menu, Esc to quit)
r - 2 potions of heal wounds
* * * LOW HITPOINT WARNING * * *
You feel sick. That would not heal you.
Identify which item? (\ to view known items) (? for menu, Esc to quit)
As you read the scroll of identify, it crumbles to dust.
j - a potion of lignification
* * * LOW HITPOINT WARNING * * *
You feel sick.
It was a potion of flight.
You feel very buoyant.
You fly up into the air.
You die...

#.........####.#
#.....#.....[#.####
############.#.##..
#...#..... #######
#.######.. #.....#
####รท## #..
#.###.########.....#
#.. #.#
#.#......#.....# #..
#.#
#.#..@...#.....#####..
#.#
#........'............
#.#
###......#......######
#.# ########......#
#.# #......##### #.#
####.......# #.#
#.......# #.#
#.......## #.#
#.(...#.#.


There were no monsters in sight!

Vanquished Creatures
  Jessica (D:2)
  2 adders (D:2)
  2 oozes
  3 giant cockroaches (D:1)
  4 goblins (D:1)
  5 hobgoblins
  6 kobolds
  A quokka (D:3)
  6 bats
  A giant gecko (D:1)
  4 giant newts
  10 rats
45 creatures vanquished.

Notes
Turn   | Place    | Note
--------------------------------------------------------------
     0 | D:1      | Andry07 the Vine Stalker Fighter began the quest for the Orb.
     0 | D:1      | Reached XP level 1. HP: 11/11 MP: 2/2
    85 | D:1      | Reached skill level 3 in Shields
   160 | D:1      | Reached XP level 2. HP: 16/16 MP: 3/3
   362 | D:1      | Reached XP level 3. HP: 15/19 MP: 2/4
   624 | D:2      | Noticed Jessica
   630 | D:2      | Killed Jessica
   630 | D:2      | Reached skill level 4 in Shields
   630 | D:2      | Reached XP level 4. HP: 23/23 MP: 5/5
  1325 | D:2      | Found a shadowy altar of Dithmenos.
  1654 | D:3      | Noticed Dickchan's ghost (amateur CeHu)
  1866 | D:2      | Succumbed to Dickchan's ghost's poison

Action                   |  1- 3 |  4- 6 || total
-------------------------+-------+-------++-------
Melee: Long sword        |    74 |    49 ||   123
  Use: Scroll            |       |     2 ||     2
       Potion            |       |     1 ||     1
  Eat: Bread ration      |       |     1 ||     1
       Chunk             |       |     1 ||     1
